 Dungeon Crawl Stone Soup version 0.28-a0-909-g796cbd3a86 (webtiles) character file.

Game seed: 2078660944366097525

25313 gigimoi the Fighter (level 12, -47/175 HPs)
             Began as a Grey Draconian Berserker on Nov 24, 2021.
             Was an Elder of Trog.
             Annihilated by a titanic slime creature (89 damage)
             ... on level 12 of the Dungeon.
             The game lasted 00:51:08 (15254 turns).

gigimoi the Fighter (Grey Draconian Berserker)     Turns: 15254, Time: 00:51:09

Health: -47/175    AC: 18    Str: 37    XL:     12   Next: 88%
Magic:  12/12      EV: 15    Int:  7    God:    Trog [****..]
Gold:   5          SH:  0    Dex: 11    Spells: 11/11 levels left

rFire   + . .      SeeInvis .   B - +3 falchion (freeze)
rCold   . . .      Faith    .   (no shield)
rNeg    . . .      Spirit   .   (armour unavailable)
rPois   .          Reflect  .   (helmet restricted)
rElec   .          Harm     .   h - +1 cloak
rCorr   .          Rampage  .   (no gloves)
Will    .....                   N - +2 pair of boots
Stlth   ..........              u - amulet of regeneration
HPRegen 1.39/turn               Z - ring "Gaicrie" {rF+ Str+6}
MPRegen 0.13/turn               O - +6 ring of strength

@: berserking, very quick
A: AC +13, amphibious, unfitting armour, cold-blooded
a: Renounce Religion, Berserk, Trog's Hand, Brothers in Arms


You were on level 12 of the Dungeon.
You worshipped Trog.
Trog was greatly pleased with you.
You visited 2 branches of the dungeon, and saw 14 of its levels.
You also visited: Sewer and Volcano.

You collected 885 gold pieces.
You spent 880 gold pieces at shops.

Inventory:

Hand Weapons
 p - a +0 war axe of draining
 x - a +1 dagger of venom
 A - a +4 short sword
 B - a +3 falchion of freezing (weapon)
Missiles
 y - 8 throwing nets (quivered)
Armour
 h - a +1 cloak (worn)
 N - a +2 pair of boots (worn)
Jewellery
 f - a ring of poison resistance
 g - a +6 ring of dexterity
 u - an amulet of regeneration (around neck)
 v - a ring of resist corrosion
 J - an amulet of guardian spirit
 O - a +6 ring of strength (right hand)
 Z - the ring "Gaicrie" (left hand) {rF+ Str+6}
   (You bought it in a shop on level 11 of the Dungeon)

   [ring of strength]

   Str:       It affects your strength (+6).
   rF:        It protects you from fire.
Wands
 e - a wand of acid (33)
 k - a wand of polymorph (9)
 q - a wand of iceblast (10)
 s - a wand of digging (4)
 t - a wand of mindburst (12)
 L - a wand of flame (12)
 X - a wand of charming (7)
Scrolls
 a - 4 scrolls of identify
 b - 3 scrolls of noise
 i - 4 scrolls of magic mapping
 l - a scroll of acquirement {unknown}
 n - 7 scrolls of vulnerability
 o - 7 scrolls of teleportation
 z - 2 scrolls of enchant armour
 C - a scroll of enchant weapon {unknown}
 D - 2 scrolls of immolation {unknown}
 I - 3 scrolls of summoning
 K - 2 scrolls of blinking {unknown}
 P - 2 scrolls of silence {unknown}
 S - a scroll of fear {unknown}
 T - a scroll of amnesia {unknown}
 U - a scroll of fog {unknown}
 V - a scroll of brand weapon {unknown}
 W - a scroll of torment {unknown}
Potions
 c - 3 potions of degeneration {unknown}
 d - 2 potions of invisibility
 j - a potion of lignification {unknown}
 m - 3 potions of flight
 r - 3 potions of brilliance
 w - 5 potions of haste
 E - 2 potions of mutation {unknown}
 F - a potion of experience {unknown}
 G - 2 potions of magic
 H - 3 potions of resistance {unknown}
 M - 3 potions of berserk rage {unknown}
 Q - 3 potions of might {unknown}
 R - a potion of curing {unknown}
 Y - a potion of attraction {unknown}


   Skills:
 * Level 14.2 Fighting
 * Level 12.9 Long Blades
 - Level 5.8 Polearms
 + Level 10.0 Dodging
 - Level 5.0 Evocations


You had 11 spell levels left.
You didn't know any spells.
Your spell library was empty.

Dungeon Overview and Level Annotations

Branches:
Dungeon (12/15)            Temple (0/1) D:6            Lair (2/6) D:11
 Shoals (0/4) Lair:2          Orc (0/2) D:9           Sewer (visited)
Volcano (visited)
  Snake: Lair:2-4    Spider: Lair:2-4

Altars:
Ashenzari
Elyvilon
Nemelex Xobeh
Wu Jian
The Shining One
Beogh

Shops:
D:3 (   D:4 !:[   D:6 :   D:7 [   D:11 =


Innate Abilities, Weirdness & Mutations

Your dull iron-grey scales are very hard. (AC +13)
You are amphibious.
You cannot fit into any form of body armour.
You are cold-blooded and may be slowed by cold attacks.


Message History

You tail-slap the very large slime creature!
The very large slime creature is heavily wounded.
You hit the very large slime creature but do no damage.
The very large slime creature is heavily wounded.
Two slime creatures merge to form an enormous slime creature.
You barely miss the enormous slime creature.
You tail-slap the enormous slime creature.
The enormous slime creature is heavily wounded.
The enormous slime creature closely misses you.
You slice the enormous slime creature!! You freeze the enormous slime creature.
You tail-slap the enormous slime creature.
The enormous slime creature is heavily wounded.
Two slime creatures merge to form a titanic slime creature.
You slash the titanic slime creature! You freeze the titanic slime creature.
The titanic slime creature is heavily wounded.
You slice the titanic slime creature!! You freeze the titanic slime creature!
The titanic slime creature is severely wounded.
You slash the titanic slime creature! You freeze the titanic slime creature.
You tail-slap the titanic slime creature.
The titanic slime creature is severely wounded.
The titanic slime creature hits you!!
You slash the titanic slime creature! You freeze the titanic slime creature.
You tail-slap the titanic slime creature!
The titanic slime creature is severely wounded.
You slice the titanic slime creature!! You freeze the titanic slime creature.
You tail-slap the titanic slime creature.
The titanic slime creature is almost dead.
The titanic slime creature hits you!
* * * LOW HITPOINT WARNING * * *
You completely miss the titanic slime creature.
You tail-slap the titanic slime creature, but do no damage.
The titanic slime creature is almost dead.
The titanic slime creature hits you.
* * * LOW HITPOINT WARNING * * *
Okay, then.
A red film seems to cover your vision as you go berserk!
You feel yourself moving faster!
You feel mighty! The titanic slime creature hits you!!!!
Ouch! That really hurt!
You die...

.# .# ##.###
#### #(...
##..#######[..#
#........!..#.#
... #...# #J#
#.### #@# #.#
#.# #.# #.#
###.# #.# #...#
#.######.#.#
#.##.......#
#.##.###.###
#.##h# #.#
###.##.# #.#


You could see a titanic slime creature.

Vanquished Creatures
  Harold (D:11)
  A boulder beetle (D:11)
  The ghost of mordus the Thaumaturge, a journeyman DjCj of Makhleb (D:9)
  2 hydras (Lair:2)
  3 tengu warriors
  Pikel (D:7)
  2 lindwurms (Volcano)
  A manticore (D:12)
  A molten gargoyle (Volcano)
  A gargoyle (D:11)
  2 rime drakes
  3 cane toads (Lair:2)
  A kobold demonologist (D:10)
  Maggie (D:7)
  An unseen horror (D:11)
  2 efreet (Volcano)
  3 komodo dragons
  A tengu conjurer (D:8)
  3 trolls
  3 hornets
  Grinder (D:6)
  A slime creature (D:12)
  8 blink frogs
  Sigmund (D:4)
  A ynoxinul (D:9)
  2 wraiths
  3 wyverns
  4 yaks (D:11)
  A vampire (D:10)
  3 fire elementals (Volcano)
  A basilisk (D:11)
  2 steam dragons (D:8)
  A vampire mosquito (D:10)
  3 wargs (D:11)
  An acid dragon (D:10)
  5 water moccasins
  6 orc warriors
  A sky beast (D:6)
  An ice beast (D:7)
  2 necrophages
  2 ogres
  14 centaurs
  4 lemures (D:7)
  A phantom (D:5)
  4 kobold brigands
  5 earth elementals (Volcano)
  6 bullfrogs
  4 gnoll sergeants
  2 scorpions
  A water moccasin skeleton (D:5)
  15 wights
  6 killer bees
  2 howler monkeys
  5 centaur zombies
  A bullfrog zombie (D:5)
  2 centaur skeletons
  2 jellies
  10 orc priests
  Crazy Yiuf (D:7)
  8 hounds
  A gnoll shaman (D:7)
  3 iguanas
  10 orc wizards
  A killer bee zombie (D:7)
  A howler monkey zombie (D:5)
  28 gnolls
  A howler monkey skeleton (D:6)
  7 adders
  4 river rats
  2 shadow imps
  A white imp (D:8)
  An ufetubus (D:4)
  A worm (D:3)
  A dart slug (D:5)
  45 orcs
  4 bats
  5 endoplasms
  4 giant cockroaches
  8 goblins
  3 hobgoblins
  3 jackals (D:7)
  6 quokkas
  11 ball pythons
  11 frilled lizards
  18 kobolds
  19 rats
376 creatures vanquished.

Vanquished Creatures (collateral kills)
  A hydra (D:10)
  A troll (D:10)
  2 orc warriors (D:9)
  A kobold brigand (D:9)
  2 orc priests (D:9)
  5 orcs (D:9)
  A kobold (D:9)
13 creatures vanquished.

Vanquished Creatures (others)
  3 fire vortices (Volcano)
  7 fungi
  17 plants
27 creatures vanquished.

Grand Total: 416 creatures vanquished

Notes
Turn   | Place    | Note
-------+----------+-------------------------------------------
     0 | D:1      | gigimoi the Draconian Berserker began the quest for the
                  | Orb.
     0 | D:1      | Reached XP level 1. HP: 19/19 MP: 1/1
   319 | D:1      | Reached XP level 2. HP: 26/26 MP: 2/2
   852 | D:2      | Reached ** piety under Trog
   962 | D:2      | Reached XP level 3. HP: 33/33 MP: 3/3
  1650 | D:3      | Reached skill level 4 in Fighting
  1650 | D:3      | Reached XP level 4. HP: 12/40 MP: 4/4
  2068 | D:3      | You fall into a shaft and drop 1 floor!
  2361 | D:3      | Found Ejauboblu's Weapon Emporium.
  2369 | D:3      | Bought a +0 war axe of draining for 83 gold pieces
  2667 | D:4      | Reached XP level 5. HP: 34/47 MP: 5/5
  2822 | D:4      | Reached skill level 5 in Fighting
  2898 | D:4      | Found Satulau's Distillery.
  2898 | D:4      | Found Feucock's Antique Armour Shop.
  2900 | D:4      | Found Lyuzxaaps's Book Shoppe.
  3082 | D:4      | Noticed Sigmund
  3094 | D:4      | Killed Sigmund
  3095 | D:4      | Reached skill level 6 in Fighting
  3095 | D:4      | Reached XP level 6. HP: 57/57 MP: 6/6
  3358 | D:5      | Entered Level 5 of the Dungeon
  3368 | D:5      | Your scales start taking on a dull iron-grey colour.
  3368 | D:5      | Reached XP level 7. HP: 63/64 MP: 7/7
  3384 | D:5      | Reached skill level 5 in Polearms
  3534 | D:5      | Reached skill level 7 in Fighting
  3991 | D:6      | Reached skill level 5 in Dodging
  4091 | D:6      | Reached XP level 8. HP: 70/74 MP: 8/8
  4094 | D:6      | Found a staircase to the Ecumenical Temple.
  4165 | D:6      | Reached *** piety under Trog
  4169 | D:6      | Reached skill level 8 in Fighting
  4267 | D:6      | Noticed Grinder
  4272 | D:6      | Paralysed by Grinder for 6 turns
  4290 | D:6      | Killed Grinder
  4497 | D:6      | Found a glowing drain.
  4501 | Sewer    | Entered a sewer
  5290 | D:6      | Found Xowenn's Book Boutique.
  5628 | D:7      | Noticed Maggie
  5662 | D:7      | Killed Maggie
  5751 | D:7      | Reached XP level 9. HP: 82/82 MP: 9/9
  5862 | D:7      | Reached skill level 9 in Fighting
  5869 | D:7      | Reached skill level 5 in Long Blades
  6227 | D:7      | Found a runed translucent door.
  6228 | D:7      | Noticed Crazy Yiuf
  6251 | D:7      | Found Vulasuy's Armour Shoppe.
  6280 | D:7      | Noticed Pikel
  6295 | D:7      | Reached **** piety under Trog
  6332 | D:7      | Killed Pikel
  6531 | D:7      | Found a glowing golden altar of the Shining One.
  7004 | D:7      | Killed Crazy Yiuf
  7054 | D:8      | Reached XP level 10. HP: 81/81 MP: 10/10
  7118 | D:8      | Reached skill level 10 in Fighting
  7539 | D:8      | Noticed a tengu warrior
  7554 | D:8      | Killed a tengu warrior
  7555 | D:8      | Reached skill level 1 in Evocations
  8777 | D:9      | Found a runed translucent door.
  8778 | D:9      | Noticed mordus's ghost (journeyman DjCj)
  9225 | D:9      | Found a staircase to the Orcish Mines.
  9348 | D:9      | Reached XP level 11. HP: 100/101 MP: 11/11
  9463 | D:10     | Entered Level 10 of the Dungeon
  9744 | D:10     | Reached skill level 11 in Fighting
  9922 | D:10     | Noticed a five-headed hydra
  9922 | D:10     | Found an ornate altar of the Wu Jian Council.
  9957 | D:10     | Killed a 16-headed hydra
  9958 | D:10     | Reached skill level 5 in Evocations
  9959 | D:10     | Reached skill level 10 in Long Blades
 10171 | D:10     | Found a white marble altar of Elyvilon.
 10475 | D:10     | Found a sparkling altar of Nemelex Xobeh.
 11140 | D:9      | Killed mordus's ghost
 11276 | D:11     | Found a staircase to the Lair.
 11311 | D:11     | Noticed a tengu warrior
 11333 | D:11     | Killed a tengu warrior
 11384 | D:11     | Noticed a tengu warrior
 11402 | D:11     | Killed a tengu warrior
 11403 | D:11     | Reached skill level 12 in Fighting
 11837 | D:11     | Noticed a boulder beetle
 11946 | D:11     | Found a broken altar of Ashenzari.
 12359 | D:11     | Found Abbet's Jewellery Boutique.
 12384 | D:11     | Noticed a boulder beetle
 12427 | D:11     | Noticed Harold
 12450 | D:11     | Killed Harold
 12451 | D:11     | Reached XP level 12. HP: 111/113 MP: 12/12
 12671 | D:11     | Killed a boulder beetle
 12978 | Lair:1   | Entered Level 1 of the Lair of Beasts
 13215 | Lair:1   | Found a dark tunnel.
 13225 | Volcano  | Entered a volcano
 13361 | Volcano  | Reached skill level 13 in Fighting
 14056 | Lair:1   | Identified the +1 leather armour of Creativity {Regen+
                  | Str+6 Dex-2}
 14586 | Lair:2   | Noticed a four-headed hydra
 14599 | Lair:2   | Killed a nine-headed hydra
 14842 | Lair:2   | Noticed a five-headed hydra
 14854 | Lair:2   | Killed a nine-headed hydra
 14866 | Lair:2   | Reached skill level 14 in Fighting
 14878 | Lair:2   | Reached skill level 10 in Dodging
 14926 | Lair:2   | Found a staircase to the Shoals.
 15196 | D:11     | Bought the ring "Gaicrie" {rF+ Str+6} for 797 gold pieces
 15254 | D:12     | Annihilated by a titanic slime creature

Illustrated notes

Levels and vault maps discovered:
D:1:      minmay_arrival_shattered_statue, layout_rooms
D:2:      layout_basic
D:3:      layout_loops_ring, serial_shops, shop_statue, minmay_bisected
D:4:      layout_cave_pools, nicolae_wooded_promenade, minivault_11,
          grunt_ministairs_4, uniq_sigmund
D:5:      layout_basic
D:6:      layout_layer_cave, temple_green, gup_sewer_entry_spiral, serial_shops,
          kennysheep_mini, lightli_orcish_oven, uniq_grinder
D:7:      layout_cave_pools, nicolae_tso_swordbearing_angel, serial_gnoll_camp,
          gnoll_camp_mini_hut, gnoll_camp_mini_shop, gnoll_camp_mini_house,
          gnoll_camp_mini_loothouse, gnoll_camp_huts_moat, uniq_pikel,
          uniq_crazy_yiuf_cottage, uniq_maggie
D:8:      cheibrodos_fzero, layout_basic, hangedman_decor_diamond_cutter
D:9:      nicolae_cairo_tiling_large, layout_long_grid, david_orc_5,
          hellmonk_ghost_big_iron, centaur_isle
D:10:     layout_long_grid, nemelex_xobeh_ov_fountains_minmay,
          mainiacjoe_overflow_catwalk_spiral, nrook_loot_triangle
D:11:     layout_roguey, erik_lair_orcish_takeover, serial_shops,
          nicolae_shop_temple_entry_statues_fountains, serial_co_window_serial,
          co_window_paths_b, co_window_corner_a, co_window_paths_a,
          co_window_of_opportunity_a, co_window_paths_b, co_window_corner_b,
          co_window_cross_3, co_window_broadway_b, co_window_paths_c,
          co_window_sun, glass_columns_a, glass_columns_a, glass_columns_b,
          glass_columns_a, glass_columns_b, nicolae_ashenzari_skybound,
          uniq_harold
D:12:     layout_loops_ring, gammafunk_ghost_arena, enter_trove_6,
          minmay_protected_statue
Lair:1:   layout_long_grid, nicolae_volcano_entry_hallway
Lair:2:   layout_chaotic_city, minmay_shoals_entry_centaurs

Skill      XL: |  1  2  3  4  5  6  7  8  9 10 11 12 |
---------------+-------------------------------------+-----
Dodging        | 3 4 5 6 7 8 9 10 | 10.0
Fighting       | 4 6 7 8 9 10 12 14 | 14.2
Polearms       | 4 5 |  5.8
Long Blades    | 4 7 9 11 12 | 12.9
Evocations     | 4 5 |  5.0

Action                   |  1- 3 |  4- 6 |  7- 9 | 10-12 || total
-------------------------+-------+-------+-------+-------++-------
Melee: Spear             |   126 |    50 |       |       ||   176
       Tailslap          |    12 |    10 |    74 |   204 ||   300
       War axe           |       |    60 |    84 |       ||   144
       Falchion          |       |       |   324 |   915 ||  1239
Invok: Berserk           |     2 |     5 |     9 |    10 ||    26
       Trog's Hand       |       |     2 |     6 |     7 ||    15
       Brothers in Arms  |       |       |       |     5 ||     5
  Use: Scroll            |       |       |     6 |     4 ||    10
       Potion            |       |       |     1 |     5 ||     6
 Stab: Sleeping          |     1 |     5 |     5 |     1 ||    12
       Distracted        |     1 |       |     1 |       ||     2
Armor: Skin              |    30 |    43 |   197 |   448 ||   718
Dodge: Dodged            |    60 |    71 |   445 |   665 ||  1241

Table legend: (Time is in decaauts)
 A = Elapsed time spent in this place.
 B = Non-inter-level travel time spent in this place.
 C = Inter-level travel time spent in this place.
 D = Time resting spent in this place.
 E = Time spent auto-exploring this place.
 F = Levels seen in this place.
 G = Mean time per level.
                   A        B        C        D        E       F      G
               +--------+--------+--------+--------+--------+-----+--------+
         Total |  15391 |  14253 |   1138 |   1541 |   8523 |  16 |  961.9 |
       Dungeon |  12934 |  11896 |   1038 |   1371 |   7018 |  12 | 1077.8 |
          Lair |   1689 |   1589 |    100 |     78 |   1259 |   2 |  844.5 |
         Sewer |    334 |    334 |      0 |      0 |    184 |   1 |  334.0 |
       Volcano |    432 |    432 |      0 |     92 |     62 |   1 |  432.0 |
               +--------+--------+--------+--------+--------+-----+--------+

Top non-repeatable levels by time:
    D:11: 1640 daAuts
     D:6: 1547 daAuts
     D:9: 1450 daAuts
     D:8: 1392 daAuts
     D:7: 1377 daAuts
    D:10: 1176 daAuts
     D:3: 1158 daAuts
  Lair:1: 1061 daAuts
     D:2: 899 daAuts
     D:4: 768 daAuts
     D:1: 708 daAuts
     D:5: 704 daAuts
  Lair:2: 627 daAuts
 Volcano: 432 daAuts
   Sewer: 334 daAuts
